 Dungeon Crawl Stone Soup version 0.31.0-9-g3a7656b989 (webtiles) character file.

Game seed: 6098452239254953262

230 qw the Skirmisher (level 5, -1/30 HPs)
             Began as a Deep Elf Hunter on Feb 2, 2024.
             Slain by a water moccasin (4 damage)
             ... on level 4 of the Dungeon.
             The game lasted 00:00:07 (2093 turns).

qw the Skirmisher (Deep Elf Hunter)                 Turns: 2093, Time: 00:00:07

Health: -1/30      AC:  6    Str: 10    XL:     5   Next: 72%
Magic:  7/7        EV: 11    Int: 14    God:
Gold:   136        SH:  5    Dex: 18    Spells: 4/4 levels left

rFire   . . .        f - +2 arbalest (freeze)
rCold   . . .        (shield currently unavailable)
rNeg    . . .        h - +0 ring mail
rPois   .            g - +0 helmet
rElec   .            (no cloak)
rCorr   .            (no gloves)
SInv    .            (no boots)
Will    .....        a - amulet of reflection
Stlth   +            (no ring)
HPRegen 0.25/turn    (no ring)
MPRegen 0.10/turn

%: reflection
@: no status effects
A: no striking features
a: no special abilities


You were on level 4 of the Dungeon.
You visited 1 branch of the dungeon, and saw 4 of its levels.

You collected 136 gold pieces.


   Skills:
 - Level 2.1 Fighting
 + Level 9.0 Ranged Weapons
 - Level 2.5 Dodging
 - Level 1.2 Stealth


You had 4 spell levels left.
You didn't know any spells.
Your spell library was empty.

Inventory:

Hand Weapons
 f - a +2 arbalest of freezing (weapon)
Armour
 g - a +0 helmet (worn)
 h - a +0 ring mail (worn)
Jewellery
 a - an amulet of reflection (around neck)
Scrolls
 c - a scroll of enchant weapon {unknown}
Potions
 b - a potion of mutation
 e - a potion of heal wounds {unknown}
 i - 2 potions of curing

Dungeon Overview and Level Annotations

Branches:
Dungeon (4/15)
 Temple: D:4-7

Altars:
Fedhas


Message History

You shoot a bolt. The bolt hits the orc priest.
The bolt freezes the orc priest.
The orc priest shouts!
The orc priest is lightly wounded.
You shoot a bolt. The bolt hits the orc priest.
The bolt freezes the orc priest.
The orc priest is moderately wounded.
The orc priest miscasts a cantrip.
You shoot a bolt. The bolt barely misses the orc priest.
You shoot a bolt. The bolt barely misses the orc priest.
The orc priest calls down the wrath of Beogh upon you.
You struggle to resist.
A water moccasin comes into view.
You shoot a bolt. The water moccasin hisses angrily.
The bolt hits the orc priest.
The bolt freezes the orc priest.
The orc priest is heavily wounded.
You shoot a bolt. The bolt hits the orc priest.
The bolt freezes the orc priest.
The orc priest is severely wounded.
An orc wizard comes into view. It is wielding a +0 dagger.
The orc priest calls down the wrath of Beogh upon you.
Beogh smites you!
An orc comes into view. It is wielding a +0 trident.
The orc wizard moves out of view.
You shoot a bolt. The bolt closely misses the orc priest.
The orc priest miscasts a cantrip.
The orc priest hits you with a +0 hand axe.
You shoot a bolt.
The bolt completely misses the orc priest.
The water moccasin bites you. You block the water moccasin's attack.
The orc priest hits you with a +0 hand axe.
The water moccasin bites you.
You shoot a bolt. The bolt hits the orc priest!!
The bolt freezes the orc priest.
You kill the orc priest!
The water moccasin bites you! You block the water moccasin's attack.
Your Fighting skill increases to level 2!
You shoot a bolt.
The bolt barely misses the water moccasin.
The water moccasin closely misses you. The orc barely misses you.
The water moccasin bites you.
You die...

.. #. .. .# ##.#
+o.# #$S####..
#@.......
#.######: #.# .##
#.# ..## #.#
#####..#
#.####......##
#.##.....#...## .
#.##.#.#.#.#..#<..
#....#.#.#........


You could see a water moccasin and an orc.

Vanquished Creatures
  An orc priest (D:4)
  An iguana (D:3)
  An orc wizard (D:3)
  3 gnolls (D:3)
  6 adders
  A ribbon worm (D:2)
  2 dart slugs (D:3)
  3 orcs (D:3)
  3 endoplasms (D:1)
  A giant cockroach (D:2)
  4 goblins
  4 hobgoblins
  5 quokkas
  5 ball pythons
  7 bats
  5 frilled lizards
  9 kobolds
  4 rats
65 creatures vanquished.

Notes
Turn   | Place    | Note
-------+----------+-------------------------------------------
     0 | D:1      | qw the Deep Elf Hunter began the quest for the Orb.
     0 | D:1      | Reached XP level 1. HP: 12/12 MP: 3/3
     0 | D:1      | 0 ||| qw: Version: 0.3-a-155-g5e7d8dd
     0 | D:1      | 0 ||| qw: Game counter: 1615
     0 | D:1      | 0 ||| qw: Melee chars always use a shield: true
     0 | D:1      | 0 ||| qw: God list: Okawaru
     0 | D:1      | 0 ||| qw: Allow faded altars: false
     0 | D:1      | 0 ||| qw: Do Orc after clearing Dungeon:15 true
     0 | D:1      | 0 ||| qw: Do second Lair branch before Depths: true
     0 | D:1      | 0 ||| qw: Lair rune preference: random
     0 | D:1      | 0 ||| qw: Goals: Normal
     0 | D:1      | 0 ||| PLANNING D:1-11
   232 | D:1      | Reached skill level 6 in Ranged Weapons
   232 | D:1      | Reached XP level 2. HP: 16/16 MP: 4/4
   778 | D:1      | 778 ||| UPGRADING to +0 helmet.
   783 | D:1      | 783 ||| READING scroll labelled JOIN RUCWEL.
   783 | D:1      | Identified a scroll of acquirement
   783 | D:1      | 783 ||| ACQUIRING +2 arbalest of freezing
   783 | D:1      | Acquired a +2 arbalest of freezing
   785 | D:1      | 785 ||| SWAPPING to +2 arbalest of freezing.
   786 | D:1      | 786 ||| DROPPING +0 shortbow.
   787 | D:1      | 787 ||| READING 2 scrolls labelled DIMABB MUBB.
   787 | D:1      | 787 ||| IDENTIFYING brown potion
   788 | D:1      | 788 ||| READING scroll of identify.
   788 | D:1      | 788 ||| IDENTIFYING 2 dark potions
   789 | D:1      | 789 ||| READING scroll labelled XISYRI TOKHU.
   790 | D:1      | 790 ||| READING scroll labelled XUNGOA WOKO.
   791 | D:1      | 791 ||| READING scroll labelled SYEPHEFISA.
   795 | D:1      | 795 ||| DRINKING 2 lumpy red potions.
   825 | D:1      | 825 ||| DROPPING scroll of butterflies.
   826 | D:1      | 826 ||| DROPPING 2 potions of brilliance.
   827 | D:1      | 827 ||| DROPPING potion of lignification.
   852 | D:2      | Reached XP level 3. HP: 14/20 MP: 5/5
   900 | D:2      | Reached skill level 7 in Ranged Weapons
  1013 | D:2      | Reached XP level 4. HP: 25/25 MP: 6/6
  1419 | D:2      | 1419 ||| UPGRADING to amulet of reflection.
  1424 | D:2      | 1424 ||| READING scroll labelled CUCZYA SEUCVED.
  1425 | D:2      | 1425 ||| READING scroll labelled NOFOCL PUMAXT.
  1460 | D:3      | Reached skill level 8 in Ranged Weapons
  1471 | D:3      | Found a blossoming altar of Fedhas.
  1629 | D:3      | Reached XP level 5. HP: 29/29 MP: 7/7
  1756 | D:3      | Reached skill level 9 in Ranged Weapons
  2013 | D:3      | 2013 ||| UPGRADING to +0 scale mail.
  2023 | D:3      | 2023 ||| DROPPING +0 leather armour.
  2024 | D:3      | 2024 ||| UPGRADING to +0 ring mail.
  2034 | D:3      | 2034 ||| DROPPING +0 scale mail.
  2035 | D:3      | 2035 ||| READING scroll of identify.
  2035 | D:3      | 2035 ||| IDENTIFYING clear potion
  2087 | D:4      | Noticed a water moccasin
  2092 | D:4      | HP: 2/29 [water moccasin (7)]
  2093 | D:4      | Slain by a water moccasin

Levels and vault maps discovered:
D:1:      dpeg_arrival_snail, layout_basic, serial_forest,
          infiniplex_forest_end_2, infiniplex_forest_lined_2,
          infiniplex_forest_lined_room_2, infiniplex_forest_clump_small,
          infiniplex_forest_clump_diagonal, infiniplex_forest_corner_1,
          infiniplex_forest_clump_curved, infiniplex_forest_zigzag_1
D:2:      layout_loops_cross
D:3:      layout_loops_ring, mainiacjoe_overflow_concentric_impassable,
          minmay_misc_feat_x
D:4:      layout_basic, uniq_robin

Skill      XL: |  1  2  3  4  5 |
---------------+----------------+-----
Ranged Weapons | 6 7 8 9 |  9.0
Fighting       | 2 |  2.1
Dodging        | |  2.5
Stealth        | |  1.2

Action                     |  1- 3 |  4- 6 || total
---------------------------+-------+-------++-------
   Fire: Shortbow          |    47 |       ||    47
         Arbalest          |    25 |    64 ||    89
    Use: Scroll            |     6 |     3 ||     9
         Potion            |     1 |       ||     1
 Armour: Leather armour    |     8 |     7 ||    15
         Ring mail         |       |     6 ||     6
  Dodge: Dodged            |    17 |    13 ||    30
  Block: Other             |       |     4 ||     4

Table legend:
 A = Non-vault XP
 B = Vault XP
 C = Vault XP percentage of total XP
 D = Non-vault monster count
 E = Vault monster count
 F = Vault count percentage of total count
                 A         B        C        D         E       F
            +---------+---------+-------+---------+---------+-------
      Total |     329 |       0 |   0.0 |      65 |       0 |   0.0
            +---------+---------+-------+---------+---------+-------
        D:1 |      33 |       0 |   0.0 |      22 |       0 |   0.0
        D:2 |      85 |       0 |   0.0 |      22 |       0 |   0.0
        D:3 |     167 |       0 |   0.0 |      20 |       0 |   0.0
        D:4 |      44 |       0 |   0.0 |       1 |       0 |   0.0
            +---------+---------+-------+---------+---------+-------
